 Dungeon Crawl Stone Soup version 0.27.1-34-g3ba077fa99 (webtiles) character file.

Game seed: 8441717474743469919

52 Delamore the Sneak (level 3, 0/24 HPs)
             Began as an Octopode Brigand on Feb 4, 2022.
             Slain by a black bear (4 damage)
             ... on level 3 of the Dungeon.
             The game lasted 00:01:29 (1557 turns).

Delamore the Sneak (Octopode Brigand)               Turns: 1557, Time: 00:01:29

Health: 0/24       AC:  1    Str: 10    XL:     3   Next: 85%
Magic:  3/3        EV: 12    Int: 13    God:
Gold:   47         SH:  0    Dex: 14    Spells: 2/2 levels left

rFire    + . .     SeeInvis .   a - +2 dagger
rCold    . . .     Faith    .   (no shield)
rNeg     . . .     Spirit   .   (helmet restricted)
rPois    .         Reflect  .   (no amulet)
rElec    .         Harm     .   g - ring of protection from fire
rCorr    .         Rampage  .   (no ring)
Will     .....                  (no ring)
Stlth    ++++......             (no ring)
HPRegen  0.08/turn              (no ring)
MPRegen  0.08/turn              (no ring)
                                (no ring)
                                (no ring)

@: lethally poisoned (0 -> -1)
A: almost no armour, amphibious, 8 rings, camouflage 1, gelatinous body 1,
(nimble swimmer 1), tentacles
a: no special abilities


You were on level 3 of the Dungeon.
You visited 1 branch of the dungeon, and saw 3 of its levels.

You collected 47 gold pieces.

Inventory:

Hand Weapons
 a - a +2 dagger (weapon)
Missiles
 b - 8 poisoned darts (quivered)
 j - a throwing net
Jewellery
 g - a ring of protection from fire (left tentacle)
Scrolls
 d - 2 scrolls of teleportation {unknown}
 f - 2 scrolls of identify {unknown}
 h - a scroll of vulnerability {unknown}
 i - a scroll of brand weapon {unknown}


   Skills:
 - Level 2.0 Fighting
 + Level 2.7 Short Blades
 - Level 2.0 Throwing
 - Level 1.0 Dodging
 * Level 6.8 Stealth


You had 2 spell levels left.
You didn't know any spells.
Your spell library contained the following spells:

 Spells                   Type           Power      Damage    Failure   Level
 Shock                    Conj/Air       0%         1d3       30%         1
 Stone Arrow              Conj/Erth      0%         3d7       67%         3
 Swiftness                Air            0%         N/A       67%         3
 Airstrike                Air            0%         N/A       97%         4
 Lehudib's Crystal Spear  Conj/Erth      0%         10d2      100%        8
 Animate Armour           Summ/Erth      Unusable   N/A       N/A         4

Dungeon Overview and Level Annotations

Branches:
Dungeon (3/15)

Altars:


Innate Abilities, Weirdness & Mutations

You cannot wear most types of armour.
You are amphibious.
You can wear up to eight rings at the same time.
Your skin changes colour to match your surroundings (Stealth+).
Your rubbery body absorbs attacks. (AC +1, EV +1)
((You are camouflaged near water. (Stealth+)))
You have tentacles for arms and can constrict up to eight enemies at once.


Message History

You throw a curare-tipped dart.
The curare-tipped dart hits the black bear.
The black bear is poisoned.
The black bear convulses.
The black bear seems to slow down.
The black bear is moderately wounded.
The adder hisses angrily.
You constrict the black bear.
You release your grip on the black bear.
The adder bites you. The adder bites you.
* * * LOW HITPOINT WARNING * * *
The black bear is no longer moving slowly.
It was a potion of curing.
You feel better. The adder closely misses you. The adder bites you.
You are poisoned.
The adder poisons you!
You feel sick.
You feel better.
The black bear looks more healthy.
The adder bites you.
You closely miss the adder. You grab the adder. You constrict the adder.
The adder barely misses you. The adder bites you.
You are poisoned.
The adder poisons you!
You hit the adder. You squeeze the adder.
You kill the adder!
You feel sick.
You hit the black bear. You grab the black bear.
The black bear is severely wounded.
You constrict the black bear.
You feel sick. The black bear closely misses you. The black bear claws you.
* * * LOW HITPOINT WARNING * * *
The black bear barely misses you.
You hit the black bear.
The black bear is almost dead.
You constrict the black bear, but do no damage.
You feel sick.
You hit the black bear.
The black bear is almost dead.
You constrict the black bear, but do no damage.
You feel sick. The black bear bites you.
You die...

#... .... ###.### #
#.....# #.##.#.#.###
.........#
#.#...#.#####
#.......h@..#
####.#.#######.#
#......# #.#
####.#....#
#.#######
#..>......#
#..†....#
#.....<...#
#.#####.#
#.####.(..#
#.#####.# ..
#.<#.#######.......#
.
#.............######


You could see a black bear.

Vanquished Creatures
  2 adders
  A dart slug (D:2)
  2 ball pythons
  5 bats
  4 endoplasms (D:1)
  2 giant cockroaches (D:2)
  3 goblins (D:1)
  3 hobgoblins
  A quokka (D:1)
  A frilled lizard (D:1)
  2 kobolds
  4 rats
30 creatures vanquished.

Notes
Turn   | Place    | Note
-------+----------+-------------------------------------------
     0 | D:1      | Delamore the Octopode Brigand began the quest for the Orb.
     0 | D:1      | Reached XP level 1. HP: 14/14 MP: 1/1
   238 | D:1      | Reached XP level 2. HP: 18/19 MP: 2/2
   368 | D:1      | Reached skill level 6 in Stealth
   679 | D:1      | Found a faded altar of an unknown god.
  1012 | D:2      | Reached XP level 3. HP: 24/24 MP: 3/3
  1096 | D:2      | You fall into a shaft and drop 1 floor!
  1210 | D:3      | Noticed a black bear
  1529 | D:3      | Noticed a black bear
  1557 | D:3      | Slain by a black bear

Illustrated notes

Levels and vault maps discovered:
D:1:      tarquinn_simple_flora_water_d, layout_basic,
          dreamdust_ecumenical_altar_hidden_monk_grotto
D:2:      layout_rooms
D:3:      layout_loops_ring, mainiacjoe_overflow_24_doors, supply_closet_lemuel,
          uniq_crazy_yiuf_cottage

Skill      XL: |  1  2 |
---------------+-------+-----
Stealth        | 6 |  6.8
Fighting       | |  2.0
Short Blades   | |  2.7
Throwing       | |  2.0
Dodging        | |  1.0

Action                   || total
-------------------------++-------
Melee: Dagger            ||    56
       Constrict         ||    13
       Tentacles         ||     4
Throw: Dart              ||     2
  Use: Potion            ||     2
 Stab: Sleeping          ||    10
Armor: Skin              ||     5
Dodge: Dodged            ||    31
